cohdb
Replays
Latest Replays
All Replays
Popular Replays
Top Player Replays
Match Explorer
How It Works
Community
CoH3 Stats
Reddit
Sign in to upload your games and track your stats! →
Sign in with Steam
Match 42950307
Unlisted
Match 42950307
Overview
Messages
Build Orders
End
Pioneer Squad
Construct Infanterie Kompanie
Selects Breakthrough Battlegroup
Grenadier Squad
MG 42 Machine Gun Team
Grenadier Squad
MG 42 Machine Gun Team
Construct Luftwaffe Kompanie
Selects Assault Grenadiers
Selects Breakthrough
Breakthrough
221 Scout Car
Jäger Squad
Selects Mechanized Assault Group
Construct Panzergrenadier Kompanie
Pak 40 Anti-tank Gun Team
Mechanized Assault Group
Selects Rapid Production
Selects Blitzkrieg
Pak 40 Anti-tank Gun Team
Construct Panzer Kompanie
Sturmpanzer IV Brummbär
Selects Tiger Heavy Tank
Tiger Heavy Tank
Pioneer Squad
Stoßtruppen Squad
MG 42 Machine Gun Team
Stoßtruppen Squad
251 Medium Carrier
Jimmy English
JarryHead
Big Ham (DFC)
Darbesky
0
0
Comments
sign in to comment!
No comments posted yet!